[ AOE2 MATCH · #505904039 ]
UnrankedCumans vs Slavs
Player's team · LOSS
Rival team · WIN
[ REPLAY ANALYSIS · EXTRACTED FROM THE RECORDED GAME ]
Feudal
10:41
Castle
24:27
Imperial
37:32
| APM avg | 33.8 |
| APM peak | 64 |
| eAPM avg | 23.7 |
| Villagers / military | 121 / 176 |
Focus
⚔️ 43.3% · 🌾 56.7%
Militia ×72 · Scout Cavalry ×37 · Steppe Lancer ×37 · Battering Ram ×18 · Kipchak ×4 · Archer ×2
Feudal
12:50
Castle
16:29
Imperial
35:27
| APM avg | 44.4 |
| APM peak | 80 |
| eAPM avg | 30.4 |
| Villagers / military | 170 / 113 |
Focus
⚔️ 33.0% · 🌾 67.0%
Spearman ×75 · Mangonel ×15 · Monk ×8 · Trebuchet (Packed) ×6 · Battering Ram ×5 · Scorpion ×4
Match map
Initial resources + every placement click. Lines = walls · curves = elevation contours. ◆ gold · ⬟ stone · ● berries · ✦ relic · ◌ wall gap
Your base· ✓ Closed at 24:27 · 48t walls · no gate
zzzz123's base· ✓ Closed at 16:29 · 26t walls · 1 gate(s)
Smoothed initial terrain · ◌ = detected wall gap · hover for details
Inputs per minute
— UpsideDownCumbrian - - zzzz123
Build order — UpsideDownCumbrian
First 150 of 483 actions detected
| 0:00 | Queue | Villager (Male) |
| 0:02 | Build | House |
| 0:04 | Build | House |
| 0:20 | Queue | Villager (Male) |
| 0:33 | Queue | Villager (Male) |
| 0:43 | Build | Palisade Wall |
| 0:53 | Queue | Villager (Male) |
| 1:22 | Build | Lumber Camp |
| 1:34 | Build | Palisade Wall |
| 1:36 | Queue | Villager (Male) |
| 1:44 | Build | Palisade Wall |
| 2:06 | Queue | Villager (Male) |
| 2:40 | Queue | Villager (Male) |
| 2:46 | Build | House |
| 2:51 | Research | Loom |
| 2:52 | Queue | Villager (Male) |
| 3:26 | Queue | Villager (Male) |
| 3:37 | Queue | Villager (Male) |
| 4:29 | Queue | Villager (Male) |
| 4:57 | Queue | Villager (Male) |
| 5:01 | Build | Mill |
| 5:03 | Queue | Villager (Male) |
| 5:51 | Queue | Villager (Male) |
| 5:56 | Build | House |
| 6:05 | Queue | Villager (Male) |
| 6:30 | Queue | Villager (Male) |
| 6:51 | Queue | Villager (Male) |
| 7:17 | Queue | Villager (Male) |
| 7:25 | Queue | Villager (Male) |
| 7:42 | Queue | Villager (Male) |
| 8:31 | Research | Feudal Age |
| 10:23 | Build | Palisade Wall |
| 10:39 | Queue | Villager (Male) |
| 10:41 | Age | Feudal Age |
| 10:43 | Build | Town Center |
| 10:44 | Research | Double-Bit Axe |
| 10:45 | Research | Horse Collar |
| 10:51 | Queue | Villager (Male) |
| 11:31 | Build | Palisade Wall |
| 11:33 | Queue | Villager (Male) |
| 11:45 | Queue | Villager (Male) |
| 11:53 | Build | Palisade Wall |
| 11:54 | Build | Palisade Wall |
| 12:00 | Build | Palisade Wall |
| 12:07 | Build | House |
| 12:09 | Research | Wheelbarrow |
| 12:10 | Research | Town Watch |
| 12:13 | Queue | Villager (Male) |
| 12:14 | Build | House |
| 12:33 | Queue | Villager (Male) |
| 12:38 | Build | House |
| 12:40 | Queue | Villager (Male) |
| 13:05 | Queue | Villager (Male) |
| 13:10 | Queue | Villager (Male) |
| 13:29 | Queue | Villager (Male) |
| 13:50 | Build | Watch Tower |
| 13:52 | Queue | Villager (Male) |
| 14:11 | Build | Farm |
| 14:14 | Queue | Villager (Male) |
| 14:25 | Queue | Villager (Male) |
| 14:26 | Queue | Villager (Male) |
| 14:56 | Build | Palisade Wall |
| 14:58 | Build | House |
| 14:58 | Queue | Villager (Male) |
| 15:03 | Queue | Villager (Male) |
| 15:05 | Build | Farm |
| 15:06 | Build | Farm |
| 15:08 | Build | Farm |
| 15:10 | Build | Farm |
| 15:25 | Build | House |
| 15:31 | Queue | Villager (Male) |
| 15:33 | Build | Barracks |
| 15:46 | Build | Farm |
| 15:49 | Build | Farm |
| 15:51 | Build | Farm |
| 16:03 | Queue | Villager (Male) |
| 16:03 | Queue | Villager (Male) |
| 16:23 | Build | Archery Range |
| 16:25 | Queue | Villager (Male) |
| 16:36 | Build | Farm |
| 16:41 | Queue | Villager (Male) |
| 16:48 | Build | Mining Camp |
| 16:55 | Queue | Villager (Male) |
| 16:58 | Queue | Archer |
| 17:06 | Build | Watch Tower |
| 17:10 | Queue | Spearman |
| 17:25 | Build | Watch Tower |
| 17:28 | Queue | Villager (Male) |
| 17:33 | Queue | Skirmisher |
| 17:48 | Build | Watch Tower |
| 17:53 | Queue | Spearman |
| 17:56 | Queue | Archer |
| 18:21 | Queue | Villager (Male) |
| 18:25 | Queue | Villager (Male) |
| 18:31 | Queue | Villager (Male) |
| 18:43 | Build | Palisade Wall |
| 18:44 | Queue | Villager (Male) |
| 18:47 | Build | Lumber Camp |
| 18:49 | Build | Market |
| 18:51 | Queue | Villager (Male) |
| 18:54 | Build | Farm |
| 18:54 | Build | Farm |
| 18:54 | Build | Farm |
| 18:55 | Build | Farm |
| 18:55 | Build | Farm |
| 18:55 | Build | Farm |
| 18:56 | Build | Farm |
| 19:13 | Build | Watch Tower |
| 19:18 | Build | Palisade Wall |
| 19:19 | Build | Palisade Wall |
| 19:20 | Build | Palisade Wall |
| 19:20 | Build | Palisade Wall |
| 19:22 | Queue | Villager (Male) |
| 19:30 | Queue | Villager (Male) |
| 19:32 | Queue | Villager (Male) |
| 19:53 | Build | Palisade Wall |
| 20:00 | Queue | Villager (Male) |
| 20:10 | Build | Blacksmith |
| 20:12 | Queue | Villager (Male) |
| 20:18 | Build | House |
| 20:20 | Build | House |
| 20:24 | Queue | Villager (Male) |
| 21:00 | Queue | Villager (Male) |
| 21:05 | Build | Farm |
| 21:05 | Build | Farm |
| 21:05 | Build | Farm |
| 21:06 | Build | Farm |
| 21:22 | Queue | Villager (Male) |
| 21:27 | Build | Watch Tower |
| 21:32 | Queue | Villager (Male) |
| 21:42 | Research | Castle Age |
| 22:04 | Queue | Villager (Male) |
| 22:09 | Build | Watch Tower |
| 22:13 | Queue | Villager (Male) |
| 22:15 | Build | House |
| 22:15 | Build | House |
| 22:16 | Build | House |
| 22:24 | Build | Stable |
| 22:25 | Build | Stable |
| 22:29 | Queue | Villager (Male) |
| 22:36 | Build | Palisade Wall |
| 22:40 | Build | Palisade Wall |
| 22:50 | Build | Watch Tower |
| 22:57 | Queue | Villager (Male) |
| 23:07 | Research | Scale Barding Armor |
| 23:08 | Research | Forging |
| 23:11 | Build | House |
| 23:17 | Queue | Villager (Male) |
| 23:32 | Queue | Scout Cavalry |
| 23:32 | Queue | Scout Cavalry |
Build order — zzzz123
First 150 of 477 actions detected
| 0:01 | Queue | Villager (Male) |
| 0:01 | Queue | Villager (Male) |
| 0:02 | Build | House |
| 0:03 | Build | House |
| 0:10 | Queue | Villager (Male) |
| 0:10 | Queue | Villager (Male) |
| 0:11 | Queue | Villager (Male) |
| 0:33 | Research | Loom |
| 0:33 | Research | Loom |
| 0:34 | Queue | Villager (Male) |
| 0:34 | Queue | Villager (Male) |
| 0:34 | Queue | Villager (Male) |
| 1:29 | Build | Palisade Wall |
| 2:09 | Queue | Villager (Male) |
| 2:09 | Queue | Villager (Male) |
| 2:38 | Queue | Villager (Male) |
| 2:38 | Queue | Villager (Male) |
| 3:01 | Build | Palisade Gate |
| 3:09 | Queue | Villager (Male) |
| 3:09 | Queue | Villager (Male) |
| 3:20 | Build | Lumber Camp |
| 3:47 | Queue | Villager (Male) |
| 3:48 | Queue | Villager (Male) |
| 4:07 | Queue | Villager (Male) |
| 4:08 | Queue | Villager (Male) |
| 4:19 | Build | House |
| 4:35 | Queue | Villager (Male) |
| 5:05 | Queue | Villager (Male) |
| 5:28 | Queue | Villager (Male) |
| 5:28 | Queue | Villager (Male) |
| 5:45 | Queue | Villager (Male) |
| 5:46 | Queue | Villager (Male) |
| 5:48 | Build | Mill |
| 5:59 | Build | House |
| 6:16 | Queue | Villager (Male) |
| 6:17 | Queue | Villager (Male) |
| 6:38 | Queue | Villager (Male) |
| 6:59 | Queue | Villager (Male) |
| 7:16 | Build | Lumber Camp |
| 7:17 | Queue | Villager (Male) |
| 7:45 | Queue | Villager (Male) |
| 7:45 | Queue | Villager (Male) |
| 7:54 | Build | House |
| 8:21 | Build | Farm |
| 8:34 | Queue | Villager (Male) |
| 8:43 | Build | Farm |
| 9:02 | Queue | Villager (Male) |
| 9:28 | Build | Mining Camp |
| 9:32 | Queue | Villager (Male) |
| 10:11 | Research | Feudal Age |
| 10:11 | Research | Feudal Age |
| 10:15 | Queue | Villager (Male) |
| 10:15 | Queue | Villager (Male) |
| 10:27 | Build | Farm |
| 10:27 | Research | Feudal Age |
| 10:28 | Research | Feudal Age |
| 10:47 | Build | Palisade Wall |
| 10:51 | Build | House |
| 11:05 | Queue | Villager (Male) |
| 11:05 | Queue | Villager (Male) |
| 12:29 | Build | Palisade Wall |
| 12:50 | Age | Feudal Age |
| 12:54 | Build | Blacksmith |
| 13:01 | Build | Market |
| 13:49 | Research | Castle Age |
| 13:50 | Research | Castle Age |
| 14:12 | Build | Stone Wall |
| 14:27 | Build | House |
| 15:32 | Queue | Villager (Male) |
| 15:55 | Build | Barracks |
| 16:29 | Age | Castle Age |
| 16:33 | Build | Siege Workshop |
| 16:36 | Build | Monastery |
| 16:40 | Build | Town Center |
| 16:42 | Research | Double-Bit Axe |
| 16:51 | Build | Outpost |
| 17:00 | Build | House |
| 17:01 | Queue | Villager (Male) |
| 17:16 | Queue | Mangonel |
| 17:16 | Queue | Mangonel |
| 17:24 | Queue | Monk |
| 17:36 | Queue | Villager (Male) |
| 18:11 | Queue | Villager (Male) |
| 18:22 | Queue | Mangonel |
| 18:25 | Build | Farm |
| 18:57 | Queue | Villager (Male) |
| 18:57 | Queue | Monk |
| 19:00 | Queue | Villager (Male) |
| 19:06 | Queue | Battering Ram |
| 19:14 | Queue | Villager (Male) |
| 19:21 | Queue | Villager (Male) |
| 19:22 | Build | Farm |
| 19:22 | Build | Farm |
| 19:23 | Build | Farm |
| 19:23 | Queue | Villager (Male) |
| 19:46 | Build | Siege Workshop |
| 19:51 | Queue | Monk |
| 20:04 | Queue | Villager (Male) |
| 20:21 | Queue | Scorpion |
| 20:24 | Queue | Villager (Male) |
| 21:04 | Queue | Villager (Male) |
| 21:04 | Queue | Villager (Male) |
| 21:07 | Queue | Mangonel |
| 21:18 | Queue | Villager (Male) |
| 21:18 | Queue | Villager (Male) |
| 21:35 | Queue | Villager (Male) |
| 21:59 | Queue | Villager (Male) |
| 21:59 | Queue | Villager (Male) |
| 22:18 | Queue | Battering Ram |
| 22:23 | Build | House |
| 22:30 | Queue | Villager (Male) |
| 22:31 | Queue | Villager (Male) |
| 22:34 | Build | House |
| 22:36 | Research | Horse Collar |
| 22:36 | Research | Horse Collar |
| 22:47 | Queue | Scorpion |
| 22:53 | Build | House |
| 22:53 | Build | House |
| 23:00 | Build | Farm |
| 23:01 | Build | Farm |
| 23:01 | Build | Farm |
| 23:01 | Build | Farm |
| 23:04 | Queue | Villager (Male) |
| 23:37 | Queue | Villager (Male) |
| 23:37 | Queue | Villager (Male) |
| 23:40 | Build | Farm |
| 23:40 | Build | Farm |
| 23:40 | Build | Farm |
| 23:41 | Build | Farm |
| 23:41 | Build | Farm |
| 24:36 | Queue | Villager (Male) |
| 24:37 | Queue | Villager (Male) |
| 24:38 | Build | Farm |
| 24:38 | Build | Farm |
| 24:38 | Queue | Villager (Male) |
| 24:56 | Queue | Monk |
| 25:05 | Build | Barracks |
| 25:09 | Queue | Villager (Male) |
| 25:10 | Queue | Villager (Male) |
| 25:12 | Build | Town Center |
| 25:21 | Build | Lumber Camp |
| 25:22 | Queue | Villager (Male) |
| 25:38 | Queue | Villager (Male) |
| 25:38 | Queue | Villager (Male) |
| 25:53 | Build | Palisade Wall |
| 25:54 | Build | Palisade Wall |
| 26:03 | Queue | Monk |
| 26:12 | Queue | Villager (Male) |
| 26:12 | Queue | Villager (Male) |
| 26:13 | Build | Farm |
Match timeline
| 0:43 | UpsideDownCumbrian · wall_segment Palisade Wall x7 |
| 1:29 | zzzz123 · wall_segment Palisade Wall x11 |
| 1:34 | UpsideDownCumbrian · wall_segment Palisade Wall x1 |
| 1:44 | UpsideDownCumbrian · wall_segment Palisade Wall x1 |
| 10:23 | UpsideDownCumbrian · wall_segment Palisade Wall x1 |
| 10:41 | UpsideDownCumbrian · age_up feudal |
| 10:47 | zzzz123 · wall_segment Palisade Wall x10 |
| 11:31 | UpsideDownCumbrian · wall_segment Palisade Wall x7 |
| 11:53 | UpsideDownCumbrian · wall_segment Palisade Wall x1 |
| 11:54 | UpsideDownCumbrian · wall_segment Palisade Wall x1 |
| 12:00 | UpsideDownCumbrian · wall_segment Palisade Wall x1 |
| 12:29 | zzzz123 · wall_segment Palisade Wall x8 |
| 12:50 | zzzz123 · age_up feudal |
| 14:12 | zzzz123 · wall_segment Stone Wall x7 |
| 14:56 | UpsideDownCumbrian · wall_segment Palisade Wall x1 |
| 15:33 | UpsideDownCumbrian · first_building Barracks |
| 15:55 | zzzz123 · first_building Barracks |
| 16:23 | UpsideDownCumbrian · first_building Archery Range |
| 16:29 | zzzz123 · age_up castle |
| 16:33 | zzzz123 · first_building Siege Workshop |
| 16:36 | zzzz123 · first_building Monastery |
| 18:43 | UpsideDownCumbrian · wall_segment Palisade Wall x6 |
| 19:18 | UpsideDownCumbrian · wall_segment Palisade Wall x6 |
| 19:19 | UpsideDownCumbrian · wall_segment Palisade Wall x1 |
| 19:20 | UpsideDownCumbrian · wall_segment Palisade Wall x1 |
| 19:20 | UpsideDownCumbrian · wall_segment Palisade Wall x1 |
| 19:53 | UpsideDownCumbrian · wall_segment Palisade Wall x6 |
| 21:17 | zzzz123 · first_market_sell 100 wood |
| 21:37 | UpsideDownCumbrian · first_market_buy 100 food |
| 21:41 | UpsideDownCumbrian · first_market_sell 100 stone |
| 22:24 | UpsideDownCumbrian · first_building Stable |
| 22:36 | UpsideDownCumbrian · wall_segment Palisade Wall x1 |
| 22:40 | UpsideDownCumbrian · wall_segment Palisade Wall x7 |
| 24:27 | UpsideDownCumbrian · age_up castle |
| 25:53 | zzzz123 · wall_segment Palisade Wall x1 |
| 25:54 | zzzz123 · wall_segment Palisade Wall x1 |
| 26:43 | zzzz123 · first_market_buy 100 stone |
| 27:26 | UpsideDownCumbrian · first_building Monastery |
| 29:46 | UpsideDownCumbrian · first_building Siege Workshop |
| 30:53 | UpsideDownCumbrian · first_building Castle |
| 31:32 | UpsideDownCumbrian · wall_segment Palisade Wall x1 |
| 32:52 | zzzz123 · first_building Castle |
| 35:27 | zzzz123 · age_up imperial |
| 37:32 | UpsideDownCumbrian · age_up imperial |
| 42:42 | zzzz123 · first_building Stable |
| 46:58 | UpsideDownCumbrian · resign |
[ AI ANALYSIS · 1 CREDIT ]
What really happened in this match?
Wolo.gg analyzes every decision: build order, eco, micro, common mistakes by bracket. Personalized analysis on WhatsApp or Discord in 30 seconds.
Civ guide
Cumans
Perfil
Jugador #18648149